 Dungeon Crawl Stone Soup version 0.29.1-12-g30fa7ad0bf (webtiles) character file.

Game seed: 8431395085570170207

331 MisterFreud the Covert (level 6, -12/51 HPs)
             Began as a Gnoll Brigand on Dec 13, 2022.
             Mangled by an ogre
             ... wielding a +0 giant club
              (30 damage)
             ... on level 4 of the Dungeon.
             The game lasted 00:05:10 (3575 turns).

MisterFreud the Covert (Gnoll Brigand)              Turns: 3575, Time: 00:05:11

Health: -12/51     AC:  5    Str: 14    XL:     6   Next: 51%
Magic:  9/9        EV: 13    Int: 13    God:
Gold:   130        SH:  0    Dex: 13    Spells: 9/9 levels left

rFire   . . .      SeeInvis .   g - +7 spear of Bloody Death {elec, Str+4}
rCold   . . .      Faith    .   (no shield)
rNeg    . . .      Spirit   .   b - +0 robe
rPois   +          Reflect  .   (no helmet)
rElec   .          Harm     .   c - +0 cloak
rCorr   .          Rampage  .   (no gloves)
Will    .....                   j - +1 pair of boots
Stlth   ++++......              (no amulet)
HPRegen 0.17/turn               n - ring of poison resistance
MPRegen 0.11/turn               f - ring of wizardry

@: no status effects
A: fangs 1, strong nose, distributed training
a: no special abilities


You were on level 4 of the Dungeon.
You visited 1 branch of the dungeon, and saw 4 of its levels.

You collected 130 gold pieces.

Inventory:

Hand Weapons
 a - a +3 dagger
 g - the +7 spear of Bloody Death (weapon) {elec, Str+4}
   (You acquired it on level 2 of the Dungeon)

   It occasionally discharges a powerful burst of electricity upon striking a
   foe.
   Str:       It affects your strength (+4).
Missiles
 d - 18 poisoned darts (quivered)
 e - 9 curare-tipped darts
Armour
 b - a +0 robe (worn)
 c - a +0 cloak (worn)
 j - a +1 pair of boots (worn)
Jewellery
 f - a ring of wizardry (right hand)
 n - a ring of poison resistance (left hand)
Wands
 q - a wand of digging (4)
 t - a wand of roots (10)
Scrolls
 i - 3 scrolls of fear {unknown}
 l - 4 scrolls of identify {unknown}
 m - 2 scrolls of enchant weapon
 o - a scroll of magic mapping {unknown}
 u - 3 scrolls of immolation {unknown}
Potions
 h - 2 potions of attraction {unknown}
 k - a potion of brilliance {unknown}
 p - 2 potions of invisibility {unknown}
 r - 2 potions of cancellation {unknown}
 s - a potion of heal wounds {unknown}


   Skills:
 + Level 5.0 Fighting
 + Level 5.0 Short Blades
 + Level 2.1 Long Blades
 + Level 2.1 Axes
 + Level 2.1 Maces & Flails
 + Level 2.1 Polearms
 + Level 2.1 Staves
 + Level 2.1 Ranged Weapons
 + Level 5.0 Throwing
 + Level 2.1 Armour
 + Level 3.3 Dodging
 + Level 8.1 Stealth
 + Level 2.1 Shields
 + Level 2.1 Unarmed Combat
 + Level 2.1 Spellcasting
 + Level 1.6 Conjurations
 + Level 1.6 Hexes
 + Level 1.6 Summonings
 + Level 1.6 Necromancy
 + Level 1.6 Translocations
 + Level 1.6 Transmutations
 + Level 1.6 Fire Magic
 + Level 1.6 Ice Magic
 + Level 1.6 Air Magic
 + Level 1.6 Earth Magic
 + Level 1.6 Poison Magic
 + Level 2.3 Invocations
 + Level 2.1 Evocations


You had 9 spell levels left.
You didn't know any spells.
Your spell library contained the following spells:

 Spells                   Type           Power      Damage    Failure   Level
 Ensorcelled Hibernation  Hex/Ice        10%        N/A       8%          2
 Passwall                 Tmut/Erth      4%         N/A       8%          2
 Swiftness                Air            5%         N/A       16%         3


Dungeon Overview and Level Annotations

Branches:
Dungeon (4/15)
 Temple: D:4-7

Altars:
Ashenzari
Makhleb
Sif Muna
Trog

Shops:
D:3 :


Innate Abilities, Weirdness & Mutations

You have very sharp teeth.
Your uncanny sense of smell can sniff out nearby items.
Your experience applies equally to all skills.


Message History

The kobold is moderately wounded.
A kobold is nearby!
You hit the kobold. Lightning courses through the kobold!!
You kill the kobold!
Things that are here:
a +0 short sword; 5 stones; a kobold corpse
Things that are here:
a +0 short sword; 5 stones; a kobold corpse Key pressed, stopping explore.
No target in view!
Key pressed, stopping explore.
No target in view!
Key pressed, stopping explore.
No target in view!
An ogre comes into view. It is wielding a +0 giant club.
An ogre is nearby!
An ogre is nearby!
No reachable target in view!
No reachable target in view!
An ogre is nearby!
No reachable target in view!
No reachable target in view!
The ogre hits the plant with a +0 giant club!!
The plant begins to die.
You reach to attack!
You barely miss the ogre. You hit the ogre.
The ogre is lightly wounded.
The ogre closely misses you.
You puncture the ogre!
The ogre is heavily wounded.
You barely miss the ogre.
The ogre is heavily wounded.
The ogre hits you with a +0 giant club!!
Ouch! That really hurt!
You hit the ogre but do no damage.
The ogre is heavily wounded.
A nearby plant withers and dies.
The ogre hits you with a +0 giant club!!
Ouch! That really hurt!
You die...

#.....................#
#....................#. .
#.......♣♣♣♣♣♣.......#. ##.
#...............###....
##...P.......♣♣♣♣♣♣#.###...#
##..♣PP............##.......#
#...♣P♣♣♣PP.........##.......
#P♣P♣♣♣♣♣♣♣♣.O.........##..##
#...♣.♣♣♣P♣@..##.....###....
##..P.P.P♣.P####..#.........
#.#..........#.....>....###
#.####.<....).......##..# #
#...##.........########.# #
###.##.......#...######)###
#..........#..##..'.##...
##.#.#...<.....#...##.#.##
##..#......)........##.#...


You could see an ogre.

Vanquished Creatures
  A scorpion (D:4)
  An orc priest (D:4)
  A hound (D:3)
  Jessica (D:3)
  An orc wizard (D:3)
  4 gnolls (D:4)
  3 adders
  A worm (D:2)
  3 dart slugs
  10 orcs
  6 ball pythons
  7 bats
  3 endoplasms
  5 giant cockroaches
  6 hobgoblins
  2 jackals (D:3)
  7 quokkas
  4 frilled lizards
  6 goblins
  9 kobolds
  6 rats
87 creatures vanquished.

Vanquished Creatures (others)
  6 plants (D:4)
6 creatures vanquished.

Grand Total: 93 creatures vanquished

Notes
Turn   | Place    | Note
-------+----------+-------------------------------------------
     0 | D:1      | MisterFreud the Gnoll Brigand began the quest for the Orb.
     0 | D:1      | Reached XP level 1. HP: 20/20 MP: 1/1
    95 | D:1      | Reached XP level 2. HP: 20/26 MP: 2/2
   916 | D:1      | Reached XP level 3. HP: 31/31 MP: 3/3
  1129 | D:2      | Found a shimmering blue altar of Sif Muna.
  1164 | D:2      | Reached skill level 1 in Invocations
  1296 | D:2      | Reached skill level 1 in Long Blades
  1296 | D:2      | Reached skill level 1 in Axes
  1296 | D:2      | Reached skill level 1 in Maces & Flails
  1296 | D:2      | Reached skill level 1 in Polearms
  1296 | D:2      | Reached skill level 1 in Staves
  1296 | D:2      | Reached skill level 1 in Ranged Weapons
  1296 | D:2      | Reached skill level 1 in Armour
  1296 | D:2      | Reached skill level 1 in Shields
  1296 | D:2      | Reached skill level 1 in Unarmed Combat
  1296 | D:2      | Reached skill level 1 in Spellcasting
  1296 | D:2      | Reached skill level 1 in Evocations
  1430 | D:2      | Found a faded altar of an unknown god.
  1586 | D:2      | Reached XP level 4. HP: 38/38 MP: 5/5
  1820 | D:2      | Identified a scroll of acquirement
  1820 | D:2      | Acquired the +7 spear of Bloody Death {elec, Str+4}
  1892 | D:3      | Reached skill level 1 in Conjurations
  1892 | D:3      | Reached skill level 1 in Hexes
  1892 | D:3      | Reached skill level 1 in Summonings
  1892 | D:3      | Reached skill level 1 in Necromancy
  1892 | D:3      | Reached skill level 1 in Translocations
  1892 | D:3      | Reached skill level 1 in Transmutations
  1892 | D:3      | Reached skill level 1 in Fire Magic
  1892 | D:3      | Reached skill level 1 in Ice Magic
  1892 | D:3      | Reached skill level 1 in Air Magic
  1892 | D:3      | Reached skill level 1 in Earth Magic
  1892 | D:3      | Reached skill level 1 in Poison Magic
  2138 | D:3      | Reached XP level 5. HP: 14/43 MP: 5/7
  2422 | D:3      | Found Kotuc's Book Shop.
  2436 | D:3      | Found a broken altar of Ashenzari.
  2794 | D:3      | Noticed Jessica
  2800 | D:3      | Killed Jessica
  2866 | D:4      | Found a bloodstained altar of Trog.
  2871 | D:4      | Reached skill level 8 in Stealth
  2927 | D:4      | Reached XP level 6. HP: 50/50 MP: 8/8
  2941 | D:4      | Reached skill level 5 in Fighting
  2941 | D:4      | Reached skill level 5 in Short Blades
  2941 | D:4      | Reached skill level 5 in Throwing
  3348 | D:4      | Found a burning altar of Makhleb.
  3348 | D:4      | Noticed a cacodemon
  3575 | D:4      | Mangled by an ogre

Illustrated notes

Levels and vault maps discovered:
D:1:      dpeg_arrival_stone_temple_mockup, layout_rooms
D:2:      layout_loops_cross, dreamdust_ecumenical_altar_angels_and_demons,
          basic_altar, nicolae_elevator_lobby_plus
D:3:      layout_rooms, ashenzari_conservatory_becter, serial_shops,
          nicolae_shop_advertising_works [nicolae_subvault_shop_adworks],
          kennysheep_decorative_pillar, minivault_5, solitary_fountain,
          uniq_jessica
D:4:      layout_rooms, trog_butcher_becter, makhleb_altar_promises_db,
          serial_forest, infiniplex_forest_clump_curved,
          infiniplex_forest_straight_2, infiniplex_forest_clump_long,
          infiniplex_forest_straight_3, infiniplex_forest_clump_small,
          infiniplex_forest_straight_4

Skill      XL: |  1  2  3  4  5  6 |
---------------+-------------------+-----
Invocations    | 1 2 |  2.3
Long Blades    | 1 2 |  2.1
Axes           | 1 2 |  2.1
Maces & Flails | 1 2 |  2.1
Polearms       | 1 2 |  2.1
Staves         | 1 2 |  2.1
Ranged Weapons | 1 2 |  2.1
Armour         | 1 2 |  2.1
Shields        | 1 2 |  2.1
Unarmed Combat | 1 2 |  2.1
Spellcasting   | 1 2 |  2.1
Evocations     | 1 2 |  2.1
Conjurations   | 1 |  1.6
Hexes          | 1 |  1.6
Summonings     | 1 |  1.6
Necromancy     | 1 |  1.6
Translocations | 1 |  1.6
Transmutations | 1 |  1.6
Fire Magic     | 1 |  1.6
Ice Magic      | 1 |  1.6
Air Magic      | 1 |  1.6
Earth Magic    | 1 |  1.6
Poison Magic   | 1 |  1.6
Dodging        | 3 |  3.3
Stealth        | 8 |  8.1
Fighting       | 5 |  5.0
Short Blades   | 5 |  5.0
Throwing       | 5 |  5.0

Action                   |  1- 3 |  4- 6 || total
-------------------------+-------+-------++-------
Melee: Dagger            |   114 |     6 ||   120
       Bite              |     6 |     8 ||    14
       Punch             |     1 |     1 ||     2
       Spear             |       |   115 ||   115
  Use: Scroll            |     5 |     1 ||     6
 Stab: Sleeping          |     9 |    11 ||    20
Armor: Robe              |    31 |    27 ||    58
Dodge: Dodged            |    84 |    69 ||   153
